AoeStats
← KootH.

Black Forest

505316288Analyzed
4v4 RM · 24d ago on Sep 8, 2026· 46m 2s· 8 players
Game mode
Random Map
Map size
Large (8 player)
Population
200
Speed
Normal
Resources
Standard
Victory
Conquest
Starting age
Dark Age
Ending age
Imperial Age
RankedLock teamsTeams togetherTeam positionsShared explorationLock speedFull tech treeHidden civsTurbo modeCheats
Victory
Defeat
🇩🇪 Georgians · Germany
1533
+14
🇧🇷 Burgundians · Brazil
1492
+15
🇨🇴 Persians · Colombia
1458
+17
🇻🇳 Japanese · Vietnam
1456
+17
🇹🇷 Persians · Türkiye
1526
-18
🇮🇹 Vikings · Italy
1506
-17
🇹🇷 Koreans · Türkiye
1443
-14
🇩🇪 Teutons · Germany
1426
-14
GPA_PureViolence
0:43 Loom
11:26 Feudal Age
13:35 Double-Bit Axe
15:04 Horse Collar
17:46 Castle Age
16:50 Stone Mining
20:52 Town Watch
21:00 Town Watch
23:50 Wheelbarrow
30:44 Bow Saw
30:34 Heavy Plow
30:25 Gold Mining
30:47 Fletching
34:45 Imperial Age
32:37 Fortified Wall
32:32 Treadmill Crane
34:00 Hand Cart
34:22 Gold Shaft Mining
PeterPan
10:46 Feudal Age
15:07 Castle Age
15:38 Horse Collar
20:09 Wheelbarrow
20:13 Double-Bit Axe
20:44 Heavy Plow
21:38 Bow Saw
22:29 Hand Cart
22:26 Gold Mining
23:26 Stone Mining
28:27 Imperial Age
26:06 Scale Mail Armor
26:52 Forging
27:25 Chain Mail Armor
26:44 Man-at-Arms
28:21 Iron Casting
27:25 Long Swordsman
27:29 Pikeman
28:30 Squires
28:31 Halberdier
30:05 Plate Mail Armor
31:10 Chemistry
30:14 Capped Ram
34:51 Two-Man Saw
34:52 Blast Furnace
34:08 Arson
34:08 Two-Handed Swordsman
35:00 Champion
35:25 Gambesons
38:56 Siege Engineers
38:36 Onager
41:56 Ironclad
42:05 Siege Onager
43:59 Crop Rotation
GPA_Unreal
11:02 Feudal Age
14:48 Castle Age
13:01 Double-Bit Axe
13:24 Horse Collar
15:40 Bow Saw
20:52 Wheelbarrow
20:45 Heavy Plow
22:38 Stone Mining
22:38 Gold Mining
22:56 Loom
23:50 Hand Cart
24:23 Stone Shaft Mining
25:20 Forging
25:15 Scale Barding Armor
29:44 Imperial Age
27:52 Iron Casting
27:38 Chain Barding Armor
29:08 Gold Shaft Mining
29:23 Husbandry
29:34 Bloodlines
30:01 Bloodlines
30:03 Elite War Elephant
31:58 Plate Barding Armor
33:32 Blast Furnace
34:53 Two-Man Saw
34:51 Conscription
36:29 Caravan
37:36 Devotion
40:03 Crop Rotation
39:38 Fletching
40:22 Padded Archer Armor
40:21 Bodkin Arrow
41:46 Leather Archer Armor
41:40 Thumb Ring
43:15 Ring Archer Armor
42:53 Crossbowman
43:41 Kamandaran
44:06 Citadels
45:04 Chemistry
45:13 Capped Ram
46:27 Ballistics
GdR_Johnny Vacanzieri
0:46 Loom
11:54 Feudal Age
13:35 Double-Bit Axe
16:07 Castle Age
13:50 Horse Collar
17:20 Bow Saw
17:12 Heavy Plow
22:23 Gold Mining
28:00 Imperial Age
26:24 Fletching
27:22 Bodkin Arrow
27:51 Town Watch
29:24 Bracer
31:01 Scale Mail Armor
33:08 Ballistics
33:14 Conscription
33:26 Murder Holes
34:19 Chain Mail Armor
34:15 Forging
35:05 Fortified Wall
36:00 Chemistry
36:37 Padded Archer Armor
38:27 Block Printing
38:23 Fervor
38:15 Atonement
38:17 Devotion
40:40 Two-Man Saw
39:57 Leather Archer Armor
40:53 Plate Mail Armor
40:58 Iron Casting
40:43 Caravan
40:40 Crossbowman
41:15 Arbalester
42:28 Ring Archer Armor
44:26 Blast Furnace
SbS | Havoc
5:02 Loom
10:59 Feudal Age
15:05 Castle Age
13:23 Double-Bit Axe
13:45 Horse Collar
16:10 Bow Saw
25:03 Stone Mining
26:40 Wheelbarrow
27:16 Fortified Wall
28:54 Hand Cart
29:18 Caravan
29:32 Fletching
30:16 Heavy Plow
30:07 Gold Mining
30:54 Stone Shaft Mining
31:05 Guard Tower
34:14 Imperial Age
32:46 Bodkin Arrow
33:12 Ballistics
33:00 Svan Towers
34:26 Coinage
34:30 Scale Mail Armor
34:40 Forging
35:01 Masonry
34:16 Pikeman
34:57 Squires
36:09 Chemistry
35:12 Bracer
35:28 Chain Mail Armor
35:52 Conscription
35:58 Guilds
35:14 Halberdier
37:15 Keep
37:12 Architecture
36:36 Arrowslits
37:10 Treadmill Crane
37:26 Murder Holes
38:25 Plate Mail Armor
38:30 Iron Casting
39:00 Banking
40:57 Hoardings
41:57 Blast Furnace
KootH.
1:36 Loom
10:21 Feudal Age
11:48 Double-Bit Axe
14:33 Castle Age
13:08 Horse Collar
16:52 Bow Saw
22:57 Wheelbarrow
24:27 Heavy Plow
27:04 Scale Barding Armor
27:23 Husbandry
27:34 Bloodlines
29:13 Bloodlines
32:34 Imperial Age
31:42 Hand Cart
33:03 Chain Barding Armor
32:54 Forging
32:12 Elite War Elephant
33:15 Conscription
32:49 Gold Mining
32:49 Stone Mining
34:29 Gold Shaft Mining
35:48 Plate Barding Armor
35:49 Iron Casting
36:35 Hoardings
35:24 Elite War Elephant
36:44 Hoardings
37:00 Crop Rotation
38:50 Devotion
38:27 Light Cavalry
40:11 Hoardings
41:52 Blast Furnace
43:18 Caravan
44:00 Kamandaran
44:10 Crossbowman
47:00 Coinage
Julio2
4:01 Double-Bit Axe
10:05 Feudal Age
14:42 Castle Age
13:23 Bow Saw
12:56 Horse Collar
13:44 Heavy Plow
21:06 Two-Man Saw
21:35 Wheelbarrow
22:49 Hand Cart
23:19 Gold Mining
27:44 Imperial Age
27:37 Caravan
27:38 Padded Archer Armor
29:30 Chemistry
32:10 Gold Shaft Mining
32:07 Crop Rotation
ost.nostalgia
0:53 Loom
11:35 Feudal Age
15:38 Castle Age
14:18 Double-Bit Axe
20:18 Bow Saw
21:41 Horse Collar
24:11 Heavy Plow
26:27 Wheelbarrow
25:53 Scale Mail Armor
26:04 Forging
26:14 Squires
25:59 Arson
27:35 Hand Cart
29:01 Town Watch
32:04 Chain Mail Armor
32:25 Iron Casting
32:18 Gambesons
32:36 Gold Mining
32:36 Stone Mining
32:51 Pikeman
Connection lost

Rejoining the realm…

Still unreachable

The connection could not be restored.

Session expired

The server has moved on; the page needs a fresh start.